 Dungeon Crawl Stone Soup version 0.23.2 (webtiles) character file.

Game seed: 2062515969008016198

319 Illumine the Cudgeler (level 6, -2/35 HPs)
             Began as a Gargoyle Gladiator on Oct 9, 2019.
             Slain by Prince Ribbit (14 damage)
             ... on level 5 of the Dungeon.
             The game lasted 00:03:12 (2248 turns).

Illumine the Cudgeler (Gargoyle Gladiator)          Turns: 2248, Time: 00:03:12

Health: -2/35      AC: 13    Str: 19    XL:     6   Next: 46%
Magic:  6/6        EV:  8    Int:  9    God:
Gold:   147        SH:  0    Dex: 11    Spells: 5/5 levels left

rFire    . . .     SeeInvis .   a - +0 flail
rCold    . . .     Gourm    .   (no shield)
rNeg     + . .     Faith    .   j - +0 chain mail
rPois    ∞         Spirit   .   y - +0 helmet
rElec    +         Reflect  .   (no cloak)
rCorr    .         Harm     .   (no gloves)
MR       .....                  (no boots)
Stlth    ..........             (no amulet)
HPRegen  0.11/turn              z - ring of flight
MPRegen  0.10/turn              (no ring)

@: no status effects
A: negative energy resistance 1, electricity resistance, unbreathing,
petrification resistance, rot immunity, AC +4
a: Evoke Flight


You were on level 5 of the Dungeon.
You were not hungry.

You visited 1 branch of the dungeon, and saw 5 of its levels.

You collected 147 gold pieces.

Inventory:

Hand Weapons
 a - a +0 flail (weapon)
 t - a +0 hunting sling of flaming
Missiles
 d - 4 throwing nets (quivered)
 u - 53 stones
Armour
 c - a +0 helmet
 j - a +0 chain mail (worn)
 y - a +0 helmet (worn)
Jewellery
 q - an uncursed ring of fire
 z - a ring of flight (left hand)
Wands
 A - a wand of paralysis (8)
Scrolls
 b - 3 scrolls of remove curse
 e - 4 scrolls of teleportation
 h - a scroll of immolation
 i - a scroll of fog
 k - a scroll of magic mapping
 l - a scroll of amnesia
 o - a scroll of enchant weapon {unknown}
 r - a scroll of enchant armour {unknown}
 v - a scroll of blinking {unknown}
 x - a scroll of identify
Potions
 g - a potion of lignification {unknown}
 m - 2 potions of haste {unknown}
 n - 3 potions of mutation {unknown}
 p - 4 potions of flight {unknown}
 s - a potion of cancellation {unknown}
 w - a potion of heal wounds {unknown}
Comestibles
 f - 6 rations


   Skills:
 - Level 2.1 Fighting
 * Level 6.0 Maces & Flails
 - Level 1.7 Throwing
 + Level 3.8 Dodging


You had 5 spell levels left.
You didn't know any spells.
Your spell library was empty.

Dungeon Overview and Level Annotations

Branches:
Dungeon (5/15)
 Temple: D:4-7

Altars:
Cheibriados
Wu Jian

Annotations:
D:5 Prince Ribbit


Innate Abilities, Weirdness & Mutations

You are resistant to torment.
Your stone body is resilient. (AC +4)
You are immune to poison.
You resist negative energy. (rN+)
You are resistant to electric shocks. (rElec)
You can survive without breathing.
You are immune to petrification.
You are immune to rotting.


Message History

The adder is severely wounded.
The adder bites you but does no damage.
You closely miss the adder.
The adder is severely wounded.
The adder barely misses you. The adder bites you but does no damage.
You sock the adder!
You kill the adder!
You sock the phantom!
The phantom is moderately damaged.
The phantom hits you.
You sock the phantom!
The phantom is heavily damaged.
The phantom blinks!
You closely miss the iguana. The iguana barely misses you.
The phantom blinks!
Prince Ribbit blinks!
Your chain mail prevents you from hitting Prince Ribbit.
Prince Ribbit is lightly wounded.
The iguana bites you but does no damage.
Prince Ribbit hits you!
You die...

#.########.
#.#....)).... #
#.....#######
##.#######.#
........##.#######
#................
#######.##.#######
#.F.....##...
#@############
#l#.......
#§.§......
###§...... .$..(..
....... .......
....... #####+#


You could see Prince Ribbit and an iguana.

Vanquished Creatures
  A centaur skeleton (D:4)
  A worker ant (D:4)
  Natasha (thrice) (D:2)
  7 gnolls
  5 adders
  An adder zombie (D:4)
  A worm (D:2)
  4 dart slugs
  A leopard gecko (D:1)
  4 orcs (D:3)
  3 ball pythons
  7 bats
  7 giant cockroaches
  6 hobgoblins
  4 kobolds
  2 quokkas (D:4)
  3 frilled lizards
  4 goblins
  10 rats
74 creatures vanquished.

Notes
Turn   | Place    | Note
-------+----------+-------------------------------------------
     0 | D:1      | Illumine the Gargoyle Gladiator began the quest for the
                  | Orb.
     0 | D:1      | Reached XP level 1. HP: 12/12 MP: 1/1
    64 | D:1      | Reached XP level 2. HP: 12/17 MP: 2/2
   243 | D:1      | Reached XP level 3. HP: 15/21 MP: 3/3
   502 | D:2      | Noticed Natasha
   507 | D:2      | Killed Natasha
   507 | D:2      | Reached skill level 4 in Maces & Flails
   690 | D:2      | Reached XP level 4. HP: 24/26 MP: 4/4
   771 | D:2      | Noticed Natasha
   779 | D:2      | Killed Natasha
  1136 | D:2      | Noticed Natasha
  1151 | D:2      | Killed Natasha
  1151 | D:2      | Reached XP level 5. HP: 13/30 MP: 5/5
  1351 | D:3      | Reached skill level 5 in Maces & Flails
  1612 | D:3      | Found a snail-covered altar of Cheibriados.
  1646 | D:4      | Reached XP level 6. HP: 30/35 MP: 6/6
  2076 | D:5      | Entered Level 5 of the Dungeon
  2080 | D:5      | Found an ornate altar of the Wu Jian Council.
  2131 | D:5      | Reached skill level 6 in Maces & Flails
  2230 | D:5      | Noticed Prince Ribbit
  2231 | D:5      | Noticed a phantom
  2248 | D:5      | Slain by Prince Ribbit

Skill      XL: |  1  2  3  4  5  6 |
---------------+-------------------+-----
Maces & Flails | 4 5 6 |  6.0
Dodging        | 3 |  3.8
Fighting       | |  2.1
Throwing       | |  1.7

Action                   |  1- 3 |  4- 6 || total
-------------------------+-------+-------++-------
Melee: Flail             |    95 |   176 ||   271
  Use: Scroll            |       |     6 ||     6
  Eat: Ration            |       |     1 ||     1
       Chunk             |       |     1 ||     1
Armor: Leather armour    |    21 |       ||    21
       Chain mail        |    41 |   134 ||   175
Dodge: Dodged            |    74 |   103 ||   177
